 Dungeon Crawl Stone Soup version 0.31-a0-1098-g6898e6545c (webtiles) character file.

Game seed: 8837214839514524687

19 Gladio the Shield-Bearer (level 2, -4/24 HPs)
             Began as a Formicid Fighter on Nov 30, 2023.
             Slain by a goblin
             ... wielding a +0 club
             ... led by Robin
              (6 damage)
             ... on level 1 of the Dungeon.
             The game lasted 00:01:14 (689 turns).

Gladio the Shield-Bearer (Formicid Fighter)          Turns: 689, Time: 00:01:14

Health: -4/24      AC:  8    Str: 20    XL:     2   Next: 95%
Magic:  2/2        EV:  9    Int:  7    God:
Gold:   18         SH:  5    Dex: 13    Spells: 1/1 levels left

rFire   . . .        a - +0 trident
rCold   . . .        c - +0 buckler
rNeg    . . .        b - +0 scale mail
rPois   .            (helmet unavailable)
rElec   .            (no cloak)
rCorr   .            e - +0 pair of gloves
SInv    +            (no boots)
Will    .....        (no amulet) Stlth
                     (no ring)
HPRegen 0.24/turn    (no ring)
MPRegen 0.08/turn

%: no passive effects
@: no status effects
A: permanent stasis, dig shafts and tunnels, antennae 3, four strong arms
a: Dig, Shaft Self


You were on level 1 of the Dungeon.
You visited 1 branch of the dungeon, and saw 2 of its levels.

You collected 18 gold pieces.

Inventory:

Hand Weapons
 a - a +0 trident (weapon)
Missiles
 h - 3 curare-tipped darts (quivered)
Armour
 b - a +0 scale mail (worn)
 c - a +0 buckler (worn)
 e - a +0 pair of gloves (worn)
Scrolls
 g - a scroll of identify {unknown}
Potions
 d - a potion of might
 f - a potion of invisibility {unknown}


   Skills:
 + Level 3.6 Fighting
 * Level 2.9 Polearms
 - Level 3.2 Armour
 - Level 4.0 Shields


You had one spell level left.
You didn't know any spells.
Your spell library was empty.

Dungeon Overview and Level Annotations

Branches:
Dungeon (2/15)

Altars:

Annotations:
D:1 Robin


Innate Abilities, Weirdness & Mutations

You cannot be hasted, slowed, berserked, paralysed or teleported.
You can dig through walls and to a lower floor.
You have a pair of large antennae on your head. (SInv)
Your four strong arms can wield two-handed weapons with a shield.


Message History

You block the hobgoblin's attack. The goblin misses you.
You climb upwards.
There is a stone staircase leading down here.
You hit the goblin.
The goblin is severely wounded.
The goblin hits you but does no damage. The goblin barely misses you.
The hobgoblin closely misses you. Robin closely misses you.
The goblin hits you but does no damage. The goblin barely misses you.
You hit the goblin.
You kill the goblin!
You block the goblin's attack. x2; The goblin hits you with a +0 club.
Robin laughs in a distinctly smug fashion.
You closely miss the hobgoblin. The goblin closely misses you.
You block the goblin's attack. You block the hobgoblin's attack.
The goblin hits you with a +0 club. Robin closely misses you.
You barely miss the hobgoblin. You block the goblin's attack.
The goblin hits you with a +0 club. The goblin closely misses you.
You block the hobgoblin's attack. The goblin closely misses you.
Robin says, "Duck!"
Robin hits you but does no damage.
You hit the hobgoblin.
You kill the hobgoblin!
The goblin hits you with a +0 dagger. The goblin closely misses you.
The goblin hits you but does no damage. The goblin hits you with a +0 club.
You block Robin's attack. The goblin closely misses you.
The goblin hits you but does no damage. Robin hits you but does no damage.
The goblin barely misses you. The goblin hits you with a +0 club.
* * * LOW HITPOINT WARNING * * *
The goblin unwields a +0 dagger.
The goblin wields a +0 sling.
The goblin shoots a sling bullet.
The sling bullet hits you but does no damage.
The goblin hits you with a +0 club.
* * * LOW HITPOINT WARNING * * *
The goblin closely misses you. The goblin attacks as it pursues you!
You block the goblin's attack.
Things that are here:
a +0 club; a hobgoblin corpse Robin throws the goblin at you!
The goblin hits you but does no damage.
You barely miss the goblin. The goblin hits you with a +0 club.
You die...

#.....# #.........'.......
##....#####.#########.......
#......#............#.......
###..#.#............#.......
##...##....[.......#.......
#.....#............#.......
#.....##.#.#########.......
#........#g# ####.......
##########@# #.......... #g#
#......####
###g######......####
#).g................
#.gg................
#....#####......####
#......# #......# #......#
#......####
#......###..........


You could see Robin and 5 goblins.

Vanquished Creatures
  An endoplasm (D:1)
  A giant cockroach (D:1)
  2 goblins (D:1)
  A hobgoblin (D:1)
  4 jackals (D:1)
  4 ball pythons (D:1)
  2 bats (D:1)
  2 rats (D:1)
17 creatures vanquished.

Notes
Turn   | Place    | Note
-------+----------+-------------------------------------------
     0 | D:1      | Gladio the Formicid Fighter began the quest for the Orb.
     0 | D:1      | Reached XP level 1. HP: 18/18 MP: 1/1
    70 | D:1      | Reached XP level 2. HP: 16/24 MP: 2/2
   678 | D:2      | Noticed Robin
   686 | D:1      | HP: 1/24 [goblin/+0 club[Robin] (5)]
   689 | D:1      | Slain by a goblin

Illustrated notes

Levels and vault maps discovered:
D:1:      minmay_arrival_jagged, layout_basic
D:2:      cheibrodos_old_hovel, layout_rooms, basic_altar, grunt_ministairs_2,
          nicolae_elevator_lobby_plus, uniq_robin

Action                     || total
---------------------------++-------
  Melee: Trident           ||    57
 Armour: Scale mail        ||    53
  Dodge: Dodged            ||    31
  Block: Buckler           ||    18

Table legend: (Time is in decaauts)
 A = Elapsed time spent in this place.
 B = Non-inter-level travel time spent in this place.
 C = Inter-level travel time spent in this place.
 D = Time resting spent in this place.
 E = Time spent auto-exploring this place.
 F = Levels seen in this place.
 G = Mean time per level.
                   A        B        C        D        E       F      G
               +--------+--------+--------+--------+--------+-----+--------+
         Total |    700 |    664 |     36 |      0 |    542 |   2 |  350.0 |
       Dungeon |    700 |    664 |     36 |      0 |    542 |   2 |  350.0 |
               +--------+--------+--------+--------+--------+-----+--------+

Top non-repeatable levels by time:
     D:1: 698 daAuts
     D:2: 1 daAuts
